 Dungeon Crawl Stone Soup version 0.22-a0-259-gdd11e71 (webtiles) character file.

34 mhoghedin the Shield-Bearer (level 3, -5/26 HPs)
             Began as a Halfling Fighter on Mar 5, 2018.
             Killed by nerve-wracking pain
             ... invoked by Jessica
              (11 damage)
             ... on level 2 of the Dungeon.
             The game lasted 00:00:55 (596 turns).

mhoghedin the Shield-Bearer (Halfling Fighter)       Turns: 596, Time: 00:00:56

Health: -5/26      AC:  6    Str: 18    XL:     3   Next: 50%
Magic:  3/3        EV:  9    Int:  6    God:
Gold:   15         SH:  9    Dex: 13    Spells: 2/2 levels left

rFire    . . .     SeeInvis .   a - +0 rapier
rCold    . . .     Gourm    .   c - +0 shield
rNeg     . . .     Faith    .   b - +0 scale mail
rPois    .         Spirit   .   (no helmet)
rElec    .         Reflect  .   (no cloak)
rCorr    .         Harm     .   (no gloves)
MR       .....                  (no boots)
Stlth    ..........             (no amulet)
HPRegen  0.08/turn              (no ring)
MPRegen  0.08/turn              (no ring)

@: no status effects
A: small, mutation resistance 1
a: no special abilities


You were on level 2 of the Dungeon.
You were not hungry.

You visited 1 branch of the dungeon, and saw 2 of its levels.

You collected 15 gold pieces.

Inventory:

Hand Weapons
 a - a +0 rapier (weapon)
Armour
 b - a +0 scale mail (worn)
 c - a +0 shield (worn)
Scrolls
 e - a scroll of identify {unknown}
 h - a scroll of remove curse {unknown}
 j - a scroll of teleportation {unknown}
 k - a scroll of amnesia {unknown}
Potions
 d - a potion of might
 g - a potion of agility {unknown}
 i - a potion of brilliance {unknown}
 l - a potion of ambrosia {unknown}
 m - a potion of invisibility {unknown}
Comestibles
 f - a ration


   Skills:
 + Level 3.0 Fighting
 + Level 2.9 Short Blades
 + Level 3.6 Armour
 + Level 1.2 Dodging
 + Level 3.6 Shields


You had 2 spell levels left.
You didn't know any spells.

Dungeon Overview and Level Annotations

Branches:
Dungeon (2/15)

Altars:

Annotations:
D:2 Jessica


Innate Abilities, Weirdness & Mutations

You are small and have problems with some larger weapons.
You are somewhat resistant to further mutation.


Message History

There is a stone staircase leading up here.
A hobgoblin comes into view.
No target in view!
No target in view!
No target in view!
No target in view!
No target in view!
No target in view!
The hobgoblin is too close now for your liking.
You block the hobgoblin's attack.
You closely miss the hobgoblin. The hobgoblin barely misses you.
The hobgoblin hits you but does no damage.
You hit the hobgoblin but do no damage. The hobgoblin closely misses you.
You hit the hobgoblin.
The hobgoblin hits you but does no damage.
You closely miss the hobgoblin.
The hobgoblin hits you but does no damage.
You closely miss the hobgoblin. The hobgoblin hits you.
You take 2 damage, and have 23/25 hp.
You closely miss the hobgoblin. You block the hobgoblin's attack.
You hit the hobgoblin.
You kill the hobgoblin!
No target in view!
No target in view!
No target in view!
m - a golden potion A hobgoblin comes into view.
A hobgoblin is nearby!
A dart slug comes into view.
Found a stone staircase leading down.
Health restored: 25 Your shield and scale mail prevent you from hitting the hobgoblin.
You block the hobgoblin's attack.
You barely miss the hobgoblin.
The hobgoblin hits you but does no damage.
The hobgoblin barely misses you.
Your shield and scale mail prevent you from hitting the hobgoblin.
The hobgoblin barely misses you. The dart slug launches a dart at you.
The slug dart misses you.
Your shield prevents you from hitting the hobgoblin.
The hobgoblin barely misses you.
You barely miss the hobgoblin. The hobgoblin completely misses you.
The dart slug launches a dart at you. You block the slug dart.
You hit the hobgoblin.
You kill the hobgoblin!
Jessica the Apprentice Sorceress comes into view.
Jessica shouts!
You hit the dart slug but do no damage.
Jessica points at you and mumbles some strange words.
You feel yourself slow down.
You completely miss the dart slug.
The dart slug bites you but does no damage.
Jessica mumbles some strange words.
Jessica blinks!
The dart slug closely misses you.
You hit the dart slug. The dart slug launches a dart at you.
The slug dart misses you.
You hit the dart slug but do no damage.
Jessica points at you and mumbles some strange words.
Pain shoots through your body! You block the dart slug's attack.
You take 6 damage, and have 19/25 hp.
MASSIVE DAMAGE!!
You hit the dart slug but do no damage.
The dart slug bites you but does no damage.
You hit the dart slug.
You kill the dart slug!
Your Fighting skill increases to level 3!
You puncture Jessica!
Jessica casts a spell.
Jessica blinks!
Jessica casts a spell.
Jessica seems to speed up.
The goblin appears out of thin air!
A goblin comes into view.
Jessica gestures wildly while chanting.
Jessica blinks!
A goblin comes into view.
The goblin shouts!
You closely miss the goblin. Jessica casts a spell at you.
Pain shoots through your body! You block the goblin's attack.
You block Jessica's attack. The goblin hits you but does no damage.
You take 9 damage, and have 11/26 hp.
MASSIVE DAMAGE!!
Your shield and scale mail prevent you from hitting Jessica.
Jessica gestures at you while chanting. Pain shoots through your body!
* * * LOW HITPOINT WARNING * * *
You block the goblin's attack.
Jessica casts a spell.
Jessica blinks!
You take 5 damage, and have 6/26 hp.
You puncture the goblin!
You kill the goblin!
You feel yourself speed up. Jessica casts a spell at you.
Pain shoots through your body!
You die...

....... #.###..##....
.......# #.##...# ..
#.......## #....### #
#.>......###.#.##
#...$....##.†..#
.............#######
.......†..#........#
#@#).........##..
#..@............#
....?.(..............
.####..[...%.....####
....####..........
....# [.....#...##
#..... #......###..#
##.... ........# ...
#....###......# ..
..).....


You could see Jessica.

Vanquished Creatures
  2 dart slugs
  A leopard gecko (D:1)
  A ball python (D:1)
  2 giant cockroaches (D:1)
  2 goblins
  5 hobgoblins
  4 kobolds (D:1)
  3 bats (D:1)
  3 frilled lizards (D:1)
  6 rats (D:1)
29 creatures vanquished.

Notes
Turn   | Place    | Note
-------+----------+-------------------------------------------
     0 | D:1      | mhoghedin the Halfling Fighter began the quest for the Orb.
     0 | D:1      | Reached XP level 1. HP: 15/15 MP: 1/1
   142 | D:1      | Reached XP level 2. HP: 19/20 MP: 2/2
   312 | D:1      | Reached XP level 3. HP: 22/25 MP: 3/3
   375 | D:1      | Reached skill level 1 in Dodging
   585 | D:2      | Noticed Jessica
   591 | D:2      | Reached skill level 3 in Fighting
   595 | D:2      | HP: 6/26 [Jessica/nerve-wracking pain (5)]
   596 | D:2      | Killed from afar by Jessica

Vault maps used:
D:1:      eino_arrival_cavern_b
D:2:      tgw_xom, first_ration, chequers_ecumenical_altar_simple_redux,
          uniq_jessica

Skill      XL: |  1  2  3 |
---------------+----------+-----
Dodging        | 1 |  1.2
Fighting       | 3 |  3.0
Short Blades   | |  2.9
Armour         | |  3.6
Shields        | |  3.6

Action                   || total
-------------------------++-------
Melee: Rapier            ||   111
Armor: Scale mail        ||    42
Dodge: Dodged            ||    29
Block: Shield            ||    52

Table legend:
 A = Spawn XP
 B = Non-spawn XP
 C = Spawn XP percentage of total XP
 D = Spawn monster count
 E = Non-spawn monster count
 F = Spawn count percentage of total count
 G = Total turns spent on level
                    A         B        C        D         E        F      G
               +---------+---------+-------+---------+---------+-------+---------
         Total |       0 |      49 |   0.0 |       0 |      29 |   0.0 |   596
               +---------+---------+-------+---------+---------+-------+---------
           D:1 |       0 |      40 |   0.0 |       0 |      25 |   0.0 |   545
           D:2 |       0 |       9 |   0.0 |       0 |       4 |   0.0 |    51
               +---------+---------+-------+---------+---------+-------+---------

Vault maps used:
D:1:      eino_arrival_cavern_b
D:2:      tgw_xom, first_ration, chequers_ecumenical_altar_simple_redux,
          uniq_jessica

Table legend:
 A = Turns spent in this place as a percentage of turns spent in the entire game.
 B = Non-inter-level travel turns spent in this place as a percentage of non-inter-level travel turns spent in the entire game.
 C = Inter-level travel turns spent in this place as a percentage of turns spent in this place.
 D = Turns resting spent in this place as a percentage of non-inter-level travel turns spent in this place.
 E = Turns spent auto-exploring this place as a percentage of non-inter-level travel turns spent in this place.
 F = Non-inter-level travel turns spent in this place divided by the number of levels of this place that you've seen.
                   A       B       C       D       E      F
               +-------+-------+-------+-------+-------+----------------------
         Total | 100.0 | 100.0 |   4.9 |   0.0 |  66.5 | 283.5
       Dungeon | 100.0 | 100.0 |   4.9 |   0.0 |  66.5 | 283.5
               +-------+-------+-------+-------+-------+----------------------

Table legend:
 A = Kills in this place as a percentage of kills in entire the game.
 B = Kills by you in this place as a percentage of kills by you in the entire game.
 C = Kills by friends in this place as a percentage of kills by friends in the entire game.
 D = Other kills in this place as a percentage of other kills in the entire game.
 E = Experience gained in this place as a percentage of experience gained in the entire game.
 F = Experience gained in this place divided by the number of levels of this place that you have seen.
                   A       B       C       D       E      F
               +-------+-------+-------+-------+-------+----------------------
         Total | 100.0 | 100.0 |   N/A |   N/A | 100.0 |  24.5
       Dungeon | 100.0 | 100.0 |   N/A |   N/A | 100.0 |  24.5
               +-------+-------+-------+-------+-------+----------------------
